Unix NetHack Version 5.0.0-0 post-release - last build Jun 10 2026 00:39:30 (3ee93aec679c4c4259841fe613dc97188e26a321,branch:main).

Game began 2026-06-14 00:21:06, ended 2026-06-14 00:47:33.

ARFwashere, lawful male dwarven Archeologist

                                               ---     ---
                                              --.--    |..--   ---
                                              |...|    |...----..--
                                              --..--   --...|.....|
                                              |....|    |........-
                                              |...--    ---......|
                                              |..--      ---....--
                                              |..|     ---......|
                                              |..|     |......---
                                            ---0.|    ---...--|
                                            |....---- |.......----  ---
                                            |.--....| |@-----..|.-- ....
                                            ..|--...--|B|   --......-
                                            --- |....--)|    ---....|
                                                ----....|      ------
                                                   --...---
                                                    --....|
                                                     --...|
                                                      -----

ARFwashere the Field Worker  St:11 Dx:10 Co:14 In:16 Wi:14 Ch:12  Lawful
Dlvl:4  $:2539 HP:0(32) Pw:6(6) AC:5  Xp:4 T:3649  Weak     Burdened

Latest messages:
 The kitten misses the gnome.
 The kitten bites the gnome.
 The gnome misses the kitten.
 The kitten bites the gnome.
 The gnome is killed!
 Your kitten eats a gnome corpse.
 You see here a scroll labeled VELOX NEB.
 You hear crashing rock.
 You decipher the label on your scroll labeled VELOX NEB.
 You have a little trouble lifting Q - a scroll of identify.
 You hit the monkey.
 The monkey hits!
 The monkey takes off your uncursed +0 fedora.
 The monkey stole an uncursed +0 fedora.
 The monkey tries to run away with your fedora.
 You hear some noises in the distance.
 You hit the monkey.
 In what direction? h
 The dart hits the monkey.
 You are beginning to feel weak.
 You have a little trouble lifting j - a dart (at the ready) (8 in total).
 The giant bat bites!
 You hit the giant bat.
 The giant bat misses!
 The giant bat bites!
 You hit the giant bat!
 The giant bat bites!
 The giant bat bites!
 You hit the giant bat.
 The giant bat bites!
 The giant bat bites!
 The giant bat bites!
 The giant bat bites!
 You swap places with your kitten.
 The kitten bites it.
 The kitten misses it.
 The kitten bites it.
 Your kitten eats a hobbit corpse.
 In what direction? j
 The dart misses the giant bat.
 The giant bat just misses!
 You hit the giant bat.
 The giant bat bites!
 The giant bat bites!
 You die...
 Do you want your possessions identified? [ynq] (y) n
 Do you want to see your attributes? [ynq] (y) n
 Do you want an account of creatures vanquished? [ynaq] (y) n
 Do you want to see your conduct and achievements? [ynq] (y) n
 Do you want to see the dungeon overview? [ynq] (y) n

Inventory:
 Coins    ('$')
  $ - 2539 gold pieces
 Amulets  ('"')
  o - an uncursed amulet of guarding
 Weapons  (')')
  j - 7 blessed +1 darts (at the ready)
  M - 13 +0 darts
  L - 6 cursed -1 darts
  a - a +2 bullwhip
 Armor    ('[')
  A - an uncursed fireproof +0 small shield (being worn)
  I - an uncursed +1 ring mail (being worn)
 Comestibles  ('%')
  B - 12 cursed apples
  C - 13 cursed carrots
  d - 6 uncursed food rations
  p - 4 uncursed tripe rations
 Scrolls  ('?')
  H - a cursed scroll of enchant armor
  Q - an uncursed scroll of identify
  x - an uncursed scroll of magic mapping
 Rings    ('=')
  O - an uncursed ring of conflict
  i - an uncursed ring of invisibility
 Wands    ('/')
  w - a cursed wand of speed monster (0:6) (alternate weapon; not wielded)
 Tools    ('(')
  h - an empty uncursed sack
  J - a can of grease (0:5)
  l - an uncursed oil lamp (lit)
  e - a +0 pick-axe (weapon in right hand)
  E - an uncursed skeleton key
  F - an uncursed tin whistle
  f - a tinning kit (0:46)
 Gems/Stones  ('*')
  N - an uncursed topaz stone
  g - an uncursed touchstone

ARFwashere the Archeologist's attributes:

Background:
 You were a Field Worker, a level 4 male dwarven Archeologist.
 You were lawful, on a mission for Quetzalcoatl
 who was opposed by Camaxtli (neutral) and Huhetotl (chaotic).
 You were right-handed.
 You were in the Gnomish Mines, on level 4.
 You entered the dungeon 3649 turns ago.
 It was the midnight hour.
 There was a new moon in effect when your adventure ended.
 You had 150 experience points, 10 more were needed to attain level 5.

Basics:
 You had 0 out of 32 hit points.
 You had all 6 energy points (spell power).
 Your armor class was 5.
 Your wallet contained 2539 zorkmids.
 Autopickup was on for '$' plus thrown.

Final Characteristics:
 Your strength was 11 (base:12, limit:18/100).
 Your dexterity was 10 (limit:20).
 Your constitution was 14 (limit:20).
 Your intelligence was 16 (limit:16).
 Your wisdom was 14 (limit:16).
 Your charisma was 12 (limit:16).

Final Status:
 You were weak from severe hunger.
 You were burdened; movement was slightly slowed.
 You were wielding a pick-axe.
 You had basic skill with pick-axe.

Final Attributes:
 You were piously aligned.
 You had automatic searching.
 You had infravision.
 You were warded.
 You are dead.

Miscellaneous:
 You encountered 1 bones level.
 Total elapsed playing time was 26 minutes and 26 seconds.

Major events:
 Turn
    1: ARFwashere the lawful male dwarven Archeologist entered the dungeon
  653: entered the Gnomish Mines
 1543: attained the rank of Field Worker (level 3)
 3649: killed by a giant bat

You didn't know any spells.

Skills:
 Fighting Skills
   bare handed combat [Unskilled]
   two weapon combat  [Unskilled]
   riding             [Unskilled]
 Weapon Skills
   dagger             [Unskilled]
   knife              [Unskilled]
   pick-axe           [Basic]
   short sword        [Unskilled]
   saber              [Unskilled]
   club               [Unskilled]
   quarterstaff       [Unskilled]
   sling              [Unskilled]
   dart               [Unskilled]
   boomerang          [Unskilled]
   whip               [Basic]
   unicorn horn       [Unskilled]
 Spellcasting Skills
   attack spells      [Unskilled]
   healing spells     [Unskilled]
   divination spells  [Unskilled]
   matter spells      [Unskilled]

Voluntary challenges:
 Character rerolling was not enabled.
 You never genocided any monsters.
 You never polymorphed an object.
 You never changed form.
 You used no wishes.
Achievements:
 You entered the Gnomish Mines.
 You attained the rank of Field Worker.

 The Dungeons of Doom: levels 1 to 6
    Level 1:
       A fountain.
    Level 2:
       A sink.
       Stairs down to The Gnomish Mines.
    Level 3:
       A fountain.
    Level 4:
    Level 5:
       Some fountains.
       Final resting place for
          pots164-Kni-Hum-Mal-Law, slipped while mounting a saddled pony.
    Level 6:
 The Gnomish Mines: levels 3 to 4
    Level 3:
    Level 4: <- You were here.
       Final resting place for
          you, killed by a giant bat.


Vanquished creatures:
  2 rock piercers
  a pony
  a shrieker
  2 gnome leaders
  a gray ooze
  a kitten
  a rabid rat
  a giant bat
  a wererat
 an iguana
  a hobbit
  a large kobold
  a hobgoblin
  2 giant rats
  a yellow mold
 10 gnomes
  4 garter snakes
  3 geckos
 11 jackals
  a goblin
  3 sewer rats
  2 grid bugs
  2 bats
  4 lichens
  a kobold zombie
  6 newts
65 creatures vanquished.

No species were genocided or became extinct.

Game over:
                       ----------
                      /          \
                     /    REST    \
                    /      IN      \
                   /     PEACE      \
                  /                  \
                  |    ARFwashere    |
                  |     2539 Au      |
                  |   killed by a    |
                  |    giant bat     |
                  |                  |
                  |                  |
                  |       2026       |
                 *|     *  *  *      | *
        _________)/\\_//(\/(/\)/\//\/|_)_______

Goodbye ARFwashere the Archeologist...

You died in The Gnomish Mines on dungeon level 4 with 3146 points,
and 2539 pieces of gold, after 3649 moves.
You were level 4 with a maximum of 32 hit points when you died.

